[Event "FAI-ch Master 2022"]
[Site "Eidi"]
[Date "2022.04.09"]
[Round "1.1"]
[White "Egilstoft, Rogvi"]
[Black "Nolsoe, Rani"]
[Result "1-0"]
[ECO "B07"]
[WhiteElo "2378"]
[BlackElo "2072"]
[Annotator "TA"]
[PlyCount "67"]
[EventDate "2022.04.10"]
[EventType "tourn"]
[EventCountry "FAI"]
[SourceTitle "playchess.com"]
[Source "ChessBase"]
[SourceQuality "1"]
[TimeControl "40/5400+30:1800+30"]

1. e4 d6 2. d4 Nf6 3. f3 g6 4. Be3 a6 5. Nc3 Bg7 6. Qd2 {[%emt 0:00:12] B07: Pirc Defence: Miscellaneous Systems.} b5 7. a4 b4 8. Nd1 {[%emt 0:02:02] White has an edge.} a5 9. Nf2 Nbd7 {[%emt 0:03:24] [#]} 10. Bd3 $146 ({Predecessor:} 10. c3 O-O 11. Bb5 c5 12. Ne2 Qc7 13. O-O Nb6 14. d5 e6 15. dxe6 Bxe6 16. cxb4 axb4 {0-1 (132) Molina,R (2434)-Kobo,O (2449) Chess.com INT 2020}) 10... c5 11. Ne2 O-O 12. O-O Ba6 {[%emt 0:08:50] White must now prevent ...c4.} 13. Bxa6 {[%emt 0:00:52] Threatens to win with Bb5.} Rxa6 14. c4 cxd4 15. Nxd4 Nc5 16. Qc2 Nfd7 17. b3 Qc7 18. Rab1 Raa8 19. Rfd1 Rac8 20. Nh3 Qb8 21. Qf2 Rfd8 22. Qh4 Nf6 23. Ne2 Qb7 24. Kh1 h5 (24... e5 $11 {deserves consideration.}) 25. Nef4 Kf8 {[%emt 0:03:29] [#]} (25... e6 $11) 26. Ng5 (26. e5 $1 $16 dxe5 27. Rxd8+ Rxd8 {[#]} 28. Nxg6+ $1 (28. Bxc5 exf4 29. Qxf4 Kg8 $14) 28... fxg6 29. Bxc5) 26... e5 {[%emt 0:01:51] This move loses the game for Black.} (26... Kg8 $1 $14) 27. Bxc5 $18 dxc5 {[%emt 0:03:06] [#]} 28. Nh7+ $1 {[%emt 0:02:04][%mdl 512] Pair of Knights!} Ke8 29. Nxf6+ Bxf6 30. Qxf6 exf4 31. Qxf4 Kf8 32. h3 Rd4 (32... Qe7 $142 33. Rd5 Kg8) 33. Rxd4 cxd4 34. Qd6+ {[%emt 0:00:08] Weighted Error Value: White=0.15 (very precise) /Black=0.35} 1-0

[Event "FAI-ch Master 2022"]
[Site "Eidi"]
[Date "2022.04.09"]
[Round "1.2"]
[White "Simonsen, Hans Kristian"]
[Black "Samuelsen, Carl Eli Nolsoe"]
[Result "1/2-1/2"]
[ECO "D55"]
[WhiteElo "2166"]
[BlackElo "2158"]
[Annotator "RC"]
[PlyCount "108"]
[EventDate "2022.04.10"]
[EventType "tourn"]
[EventCountry "FAI"]
[SourceTitle "playchess.com"]
[Source "ChessBase"]
[SourceQuality "1"]
[TimeControl "40/5400+30:1800+30"]

1. d4 Nf6 2. c4 e6 3. Nf3 b6 4. Nc3 Bb7 5. Bg5 d5 6. cxd5 exd5 7. e3 Be7 8. Bd3 Nbd7 9. O-O O-O 10. Rc1 a6 11. Bb1 Re8 12. Qd3 Ne4 13. Bf4 c5 14. dxc5 Ndxc5 15. Qc2 Rc8 16. Nd4 g6 17. Rfd1 Nxc3 18. Qxc3 Ne4 19. Qe1 Bd6 20. Rxc8 Qxc8 21. Bxd6 Nxd6 22. Bd3 Ne4 23. h3 Qc5 24. Rc1 Qd6 25. Qe2 Nc5 26. a3 Nxd3 27. Qxd3 Rc8 28. Rxc8+ Bxc8 29. Ne2 Qc5 30. Nc3 Bb7 31. Qd4 Bc6 32. Qe5 h5 33. Kh2 a5 34. Ne2 Bb5 35. Nd4 Bd3 36. Nf3 Qc2 37. Qe8+ Kg7 38. Ne5 Qc7 39. f4 Be4 40. b4 axb4 41. axb4 f6 42. Nd7 Qd6 43. b5 Bf5 44. Nb8 d4 45. Nc6 Bd7 46. Qe4 dxe3 47. Qxe3 Bxc6 48. bxc6 Qxc6 49. Qe7+ Kg8 50. Qd8+ Kf7 51. Qh8 Qe4 52. Qh7+ Ke6 53. Qc7 Qd4 54. Qc6+ Kf7 1/2-1/2

[Event "FAI-ch Master 2022"]
[Site "Eidi"]
[Date "2022.04.09"]
[Round "1.3"]
[White "Nielsen, Hogni Egilstoft"]
[Black "Nielsen, Torkil"]
[Result "1-0"]
[ECO "C00"]
[WhiteElo "2405"]
[BlackElo "2135"]
[Annotator "TA"]
[PlyCount "57"]
[EventDate "2022.04.10"]
[EventType "tourn"]
[EventCountry "FAI"]
[SourceTitle "playchess.com"]
[Source "ChessBase"]
[SourceQuality "1"]
[TimeControl "40/5400+30:1800+30"]

1. d3 c5 2. g3 Nf6 3. Bg2 e6 4. Nf3 d5 5. O-O Nc6 6. Nbd2 Be7 7. e4 O-O 8. Re1 Qb6 {[%emt 0:08:49] C00: French: Unusual White 2nd moves.} 9. c3 Bd7 10. Qe2 {[%emt 0:11:38] [#]} Rad8 $146 {[%emt 0:09:26] The position is equal.} ({Predecessor:} 10... Rac8 11. h3 d4 12. Nc4 Qc7 13. Bf4 Qd8 14. g4 b5 15. Nce5 Nxe5 16. Bxe5 dxc3 17. Bxc3 {1-0 (47) Morcuende Hurtado,M (1669)-Couso Villa,A (1036) Isla de la Palma 2018}) 11. e5 Ne8 12. Nf1 f6 13. exf6 Bxf6 14. Ne3 d4 15. Ng4 dxc3 16. Nxf6+ {[%emt 0:00:25][%mdl 64] [#] Remove Defender} Nxf6 17. bxc3 e5 18. Bg5 ({Don't blunder} 18. Nxe5 $2 Nxe5 19. Bf4 (19. Qxe5 $2 Rfe8 $19) 19... Ng6 $19) 18... Bf5 ({Better is} 18... Bg4 $14) 19. Nxe5 Nxe5 {[%emt 0:02:27][%mdl 64] Remove Defender} 20. Qxe5 Bxd3 21. Be3 {[%emt 0:04:03] This bishop pair is nice.} (21. Bxf6 $16 Rxf6 22. Bd5+ Kh8 23. c4) 21... Rc8 $14 22. Rad1 $36 {[%emt 0:09:07][%cal Ba1d1,Bd1d3,Bd3d6,Bd6d7][%mdl 2080] White is more active.} Rfe8 23. Qf4 Qa6 {[%emt 0:05:48] [#]} (23... Be4 $14) 24. Bxb7 $1 Qxb7 25. Rxd3 Re4 (25... Qa6 $142 26. Rd2 Qe6) 26. Qf5 $16 c4 27. Rd6 Rce8 28. Red1 {[%emt 0:01:11] &Bianco is more active.} Ng4 $2 (28... R4e5 $16 29. Qf4 Qe4 30. Bxa7 R5e7) 29. Rd7 {[%emt 0:01:15] Weighted Error Value: White=0.10 (very precise) /Black=0.19 (very precise)} 1-0

[Event "FAI-ch Master 2022"]
[Site "Eidi"]
[Date "2022.04.09"]
[Round "1.4"]
[White "Apol, Luitjen Akselsson"]
[Black "Olsen, Wille"]
[Result "1-0"]
[ECO "C10"]
[WhiteElo "2154"]
[BlackElo "2006"]
[Annotator "RC"]
[PlyCount "56"]
[EventDate "2022.04.10"]
[EventType "tourn"]
[EventCountry "FAI"]
[SourceTitle "playchess.com"]
[Source "ChessBase"]
[SourceQuality "1"]
[TimeControl "40/5400+30:1800+30"]

1. e4 e6 2. d4 d5 3. Nd2 dxe4 4. Nxe4 Nf6 5. Nxf6+ gxf6 6. Be3 Nc6 7. Nf3 b6 8. g3 Bb7 9. Bg2 Qd5 10. O-O O-O-O 11. Ne5 Qxg2+ 12. Kxg2 Nxe5+ 13. f3 Ng4 14. Qe2 h5 15. h4 e5 16. Rad1 exd4 17. Bxd4 Bd6 18. Kh3 Rhe8 19. Qxe8 Rxe8 20. fxg4 hxg4+ 21. Kxg4 Rg8+ 22. Kf5 Rxg3 23. Rd3 Rg6 24. Rg1 Rh6 25. Bxf6 Rh5+ 26. Rg5 Rh6 27. Rg8+ Kd7 28. Kg5 Be4 1-0

[Event "FAI-ch Master 2022"]
[Site "Eidi"]
[Date "2022.04.10"]
[Round "2.1"]
[White "Nolsoe, Rani"]
[Black "Olsen, Wille"]
[Result "1-0"]
[ECO "C02"]
[WhiteElo "2072"]
[BlackElo "2006"]
[Annotator "NA RC"]
[PlyCount "106"]
[EventDate "2022.04.10"]
[EventType "tourn"]
[EventCountry "FAI"]
[SourceTitle "playchess.com"]
[Source "ChessBase"]
[SourceQuality "1"]
[TimeControl "40/5400+30:1800+30"]

1. e4 e6 2. d4 d5 3. e5 c5 4. Nf3 Nc6 5. Bd3 Bd7 6. O-O h6 7. Re1 Qc7 8. Nbd2 cxd4 9. a3 (9. Nb3 $11) 9... Bc5 10. b4 Bb6 11. Nb3 Nge7 12. Bb2 a6 13. Qe2 g5 (13... O-O $11) 14. Nfxd4 Nxd4 15. Nxd4 Ng6 16. g3 Rc8 17. Rac1 $16 O-O 18. Kg2 Qd8 19. Nb3 Ba4 20. Nd4 Qe7 21. Rf1 Rfd8 22. h3 Rc4 23. c3 Bc7 24. f4 gxf4 25. gxf4 Qh4 26. Qg4 Bb6 27. Qxh4 Nxh4+ 28. Kg3 Ng6 29. Bxc4 dxc4 30. Rce1 Bxd4 31. cxd4 Ne7 32. Rc1 Nf5+ 33. Kf2 Kh7 34. Rxc4 Rd7 35. Rfc1 Kg6 36. Rc7 Rxc7 37. Rxc7 Bc6 38. Bc3 Bd5 39. Rd7 Bc6 40. Rc7 Bd5 41. Ke2 Be4 42. a4 Bc6 43. Rxc6 bxc6 44. Kd3 Ne7 45. Kc4 Nd5 46. Bd2 Nb6+ 47. Kc5 Nxa4+ 48. Kxc6 Nb2 49. Kb7 Nc4 50. Be1 Kf5 51. Kxa6 Kxf4 52. b5 Ke4 53. Bc3 Ne3 1-0

[Event "FAI-ch Master 2022"]
[Site "Eidi"]
[Date "2022.04.10"]
[Round "2.2"]
[White "Nielsen, Torkil"]
[Black "Apol, Luitjen Akselsson"]
[Result "0-1"]
[ECO "B22"]
[WhiteElo "2135"]
[BlackElo "2154"]
[Annotator "RC"]
[PlyCount "78"]
[EventDate "2022.04.10"]
[EventType "tourn"]
[EventCountry "FAI"]
[SourceTitle "playchess.com"]
[Source "ChessBase"]
[SourceQuality "1"]
[TimeControl "40/5400+30:1800+30"]

1. e4 c5 2. c3 Nf6 3. e5 Nd5 4. d4 cxd4 5. cxd4 d6 6. Bc4 Nb6 7. Bb5+ Nc6 8. Nf3 Bd7 9. O-O Nxe5 10. Nxe5 dxe5 11. Bxd7+ Nxd7 12. dxe5 Nxe5 13. Qe2 Nc6 14. Rd1 Qc8 15. Nc3 e5 16. Bg5 Qe6 17. Nd5 Bd6 18. Nf4 exf4 19. Qxe6+ fxe6 20. Rxd6 e5 21. f3 O-O 22. Rad1 Rac8 23. Rd7 Rf7 24. Rxf7 Kxf7 25. Rd7+ Kg6 26. Bh4 Na5 27. g4 Rc1+ 28. Kg2 Nc4 29. Bd8 Ne3+ 30. Kf2 Rc2+ 31. Kg1 Rg2+ 32. Kh1 Rxb2 33. h4 e4 34. h5+ Kh6 35. g5+ Kxh5 36. Rxg7 exf3 37. Rxh7+ Kg4 38. Rh4+ Kxh4 39. g6+ Kh3 0-1

[Event "FAI-ch Master 2022"]
[Site "Eidi"]
[Date "2022.04.10"]
[Round "2.4"]
[White "Egilstoft, Rogvi"]
[Black "Simonsen, Hans Kristian"]
[Result "0-1"]
[ECO "B10"]
[WhiteElo "2378"]
[BlackElo "2166"]
[Annotator "TA"]
[PlyCount "134"]
[EventDate "2022.04.10"]
[EventType "tourn"]
[EventCountry "FAI"]
[SourceTitle "playchess.com"]
[Source "ChessBase"]
[SourceQuality "1"]
[TimeControl "40/5400+30:1800+30"]

1. e4 c6 2. d3 d5 3. Nd2 g6 4. g3 Bg7 5. Bg2 e5 6. b3 {[%emt 0:05:56] [#] B10: Caro-Kann: 2 d3 and 2 c4.} Be6 $146 ({Predecessor:} 6... dxe4 7. dxe4 Ne7 8. Bb2 O-O 9. h4 h5 10. Qe2 Qa5 11. Bh3 Bxh3 12. Nxh3 Nd7 13. c3 {½-½ (58) Kroekel,P-Lange,H (2174) Germany 2003}) 7. Bb2 Nd7 8. Ne2 {[%emt 0:05:17][%cal Oe2f4] The position is equal.} d4 9. f4 (9. O-O $5 ) 9... Nh6 10. h3 f6 11. Nf3 Qa5+ (11... Nf7 $11) 12. Qd2 Qxd2+ 13. Nxd2 Nf7 14. O-O Nd8 15. Nf3 c5 16. g4 Nc6 17. g5 fxg5 18. Nxg5 Bg8 19. a4 h6 20. Nf3 Bf7 21. Ba3 b6 22. h4 Be6 23. Rf2 Nf6 24. Nxe5 Nxe5 25. fxe5 Ng4 26. Nf4 Bg8 (26... Nxf2 $11 27. Nxe6 Ng4 28. Nc7+ (28. Nxg7+ Kf7 $11) 28... Ke7) 27. Nxg6 $18 Nxf2 28. Kxf2 ({Not} 28. Nxh8 Nxd3 29. cxd3 Bxh8 $11) 28... Rh7 29. Bh3 Bf8 30. Rg1 h5 (30... Rg7 $142 31. h5 Bf7) 31. Nxf8 Kxf8 32. Bc1 Re8 33. Bf5 Rh8 34. Rg6 {[%emt 0:01:41] Prevents Be6.} Rxe5 35. Rc6 Bd5 (35... Rxf5+ {was necessary.} 36. exf5 Bd5) 36. Bh6+ Ke7 $2 (36... Kf7 37. Bg6+ Ke7 38. Rc7+ Kd6) 37. Bg5+ $2 {[%emt 0:00:38] This bishop pair is nice.} (37. Rc7+ Kd6 38. Rd7+ Kc6 39. Bf4 (39. exd5+ Rxd5 40. Rxd5 Kxd5 $18) 39... Bxe4 40. Bxe5 Bxf5 41. Rc7+ Kd5 42. Bxh8) 37... Kf8 38. Bh6+ $2 (38. Rc8+ $18 Kg7 39. Rc7+ Bf7 40. Rxa7) 38... Kf7 $2 (38... Ke7 $1 $11 {and Black stays safe.} 39. Rc7+ Kd6) 39. Rc7+ $2 (39. Bg6+ $1 $18 Ke7 40. Rc7+ Kd6 41. Bg7) 39... Re7 $16 {[%emt 0:01:02] [#]} 40. Rxe7+ ({Only move:} 40. Bg6+ $1 $16 Kxg6 41. Rxe7 Bxe4 42. dxe4 Kxh6 43. Rxa7) 40... Kxe7 {[%emt 0:00:00][%mdl 4096] Endgame KRB-KB} 41. Bg5+ Ke8 $1 42. Kg3 ({Wrong is} 42. exd5 $2 Rf8 43. Bf4 Rxf5 $19) 42... Bc6 43. e5 {[%emt 0:04:55][%mdl 1024] White has compensation.} Kf7 $2 (43... Bd5 $11 {and Black has nothing to worry.}) 44. e6+ $18 Kg7 45. Kf4 {[%emt 0:04:43] Ke5 is the strong threat.} Rf8 46. Ke5 Bf3 $2 (46... Rxf5+ $16 47. Kxf5 Bf3) 47. Bh3 $1 {[%emt 0:01:47] Hoping for e7.} Bg4 {[%emt 0:00:50] [#]} 48. e7 $4 {[%emt 0:00:37][%mdl 8192] [#]} Rf2 $1 $19 49. Bxg4 hxg4 50. e8=N+ $2 (50. h5 Kf7 51. h6) 50... Kf8 51. Nd6 (51. Nc7 $142 g3 52. Ne6+ Kf7 53. Nf4) 51... g3 52. Ne4 Re2 {[%emt 0:00:18] Strongly threatening ...g2.} 53. Bf4 g2 54. Bh2 Re1 {[%emt 0:00:11] Threatens to win with ...Rh1.} 55. Kf4 g1=Q 56. Bxg1 Rxg1 {[%emt 0:00:02] KR-KN} 57. Nd6 $2 (57. c3) 57... Rg2 58. Nb5 $2 (58. a5) 58... Rxc2 59. Nxa7 Rc3 60. Ke4 Rxb3 61. h5 (61. Nc6 $142 Kf7 62. h5) 61... Rb1 $2 (61... Rb4 62. Nc8 Kg7) 62. Nc8 $2 (62. Nc6 Rh1 63. Ne5) 62... Kg7 63. Nd6 Kh6 64. a5 bxa5 {[%emt 0:00:09][%cal Bb6a5,Ba5a4,Ba4a3][%mdl 32] Black mates.} 65. Nb7 Ra1 66. Nxc5 a4 67. Kxd4 a3 {[%emt 0:00:04] Weighted Error Value: White=0.73/Black=0.57} 0-1

[Event "FAI-ch Master 2022"]
[Site "Eidi"]
[Date "2022.04.11"]
[Round "3.1"]
[White "Simonsen, Hans Kristian"]
[Black "Nolsoe, Rani"]
[Result "1-0"]
[ECO "E61"]
[WhiteElo "2166"]
[BlackElo "2072"]
[Annotator "RC"]
[PlyCount "115"]
[EventDate "2022.04.10"]
[EventType "tourn"]
[EventCountry "FAI"]
[SourceTitle "playchess.com"]
[Source "ChessBase"]
[SourceQuality "1"]
[TimeControl "40/5400+30:1800+30"]

1. c4 Nf6 2. d4 g6 3. g3 Bg7 4. Bg2 O-O 5. Nc3 d6 6. e3 e5 7. Nge2 a5 8. O-O c6 9. b3 Re8 10. d5 c5 11. e4 Nh5 12. Nb5 Na6 13. Bb2 Qe7 14. Nec3 Nc7 15. Na4 Nxb5 16. cxb5 Bd7 17. Qe2 Qd8 18. Bc3 Bh6 19. Nb2 f5 20. exf5 Bxf5 21. Nc4 b6 22. Rad1 Ra7 23. Bf3 Nf6 24. a4 Rf7 25. Bg2 Bg7 26. Qb2 Kf8 27. h3 h5 28. Rfe1 Bh6 29. Bd2 Bxd2 30. Qxd2 Kg7 31. Qc3 Kh7 32. f3 g5 33. Qd2 Ng8 34. g4 hxg4 35. fxg4 Bg6 36. Be4 Rf4 37. Bxg6+ Kxg6 38. Qc2+ Kg7 39. Ne3 Ne7 40. Ng2 Rf3 41. Re3 Ref8 42. Qe2 R3f6 43. h4 gxh4 44. Nxh4 Rh8 45. g5 Rf7 46. Qg4 Rf4 47. Qxf4 exf4 48. Rxe7+ Qxe7 49. Nf5+ Kf7 50. g6+ Kf6 51. Nxe7 Kxe7 52. Re1+ Kd7 53. Kg2 Re8 54. Rxe8 Kxe8 55. Kf3 Ke7 56. Kxf4 Kf6 57. g7 Kxg7 58. Kg5 1-0

[Event "FAI-ch Master 2022"]
[Site "Eidi"]
[Date "2022.04.11"]
[Round "3.2"]
[White "Nielsen, Hogni Egilstoft"]
[Black "Egilstoft, Rogvi"]
[Result "1-0"]
[ECO "C54"]
[WhiteElo "2405"]
[BlackElo "2378"]
[Annotator "RC"]
[PlyCount "85"]
[EventDate "2022.04.10"]
[EventType "tourn"]
[EventCountry "FAI"]
[SourceTitle "playchess.com"]
[Source "ChessBase"]
[SourceQuality "1"]
[TimeControl "40/5400+30:1800+30"]

1. e4 e5 2. Nf3 Nc6 3. Bc4 Bc5 4. c3 Nf6 5. d3 O-O 6. O-O d5 7. exd5 Nxd5 8. Re1 Nb6 9. b4 Be7 10. Bb3 Bf6 11. b5 Nb4 12. d4 e4 13. Ba3 exf3 14. Bxb4 Re8 15. Nd2 Rxe1+ 16. Qxe1 fxg2 17. Qe4 Bd7 18. a4 Rb8 19. Re1 c6 20. Nf3 cxb5 21. axb5 g6 22. Ne5 Bxe5 23. Qxe5 Qe8 24. Bxf7+ Kxf7 25. Qf4+ Kg8 26. Rxe8+ Rxe8 27. Kxg2 Bxb5 28. h4 Bc6+ 29. Kh2 Nd5 30. Qd6 Nxb4 31. Qxb4 Re4 32. Kg3 h5 33. Qd6 Rg4+ 34. Kh3 Bg2+ 35. Kh2 Be4 36. Qe6+ Kg7 37. Qe7+ Kg8 38. d5 g5 39. hxg5 Rh4+ 40. Kg3 Rg4+ 41. Kh3 Bf5 42. Qe8+ Kg7 43. Qe5+ 1-0

[Event "FAI-ch Master 2022"]
[Site "Eidi"]
[Date "2022.04.11"]
[Round "3.3"]
[White "Apol, Luitjen Akselsson"]
[Black "Samuelsen, Carl Eli Nolsoe"]
[Result "1-0"]
[ECO "B40"]
[WhiteElo "2154"]
[BlackElo "2158"]
[Annotator "RC"]
[PlyCount "61"]
[EventDate "2022.04.10"]
[EventType "tourn"]
[EventCountry "FAI"]
[SourceTitle "playchess.com"]
[Source "ChessBase"]
[SourceQuality "1"]
[TimeControl "40/5400+30:1800+30"]

1. e4 c5 2. Nf3 e6 3. g3 a6 4. Bg2 Nc6 5. O-O Qc7 6. c3 Nf6 7. Qe2 d6 8. d4 e5 9. Bg5 Be7 10. dxc5 dxc5 11. Bxf6 Bxf6 12. Na3 Be6 13. Nc2 O-O 14. Ne3 Ne7 15. h4 h6 16. Nd2 Rad8 17. Rfd1 g6 18. a4 Bg7 19. h5 Qc8 20. Ndc4 Rxd1+ 21. Rxd1 Qc6 22. hxg6 Qxa4 23. gxf7+ Bxf7 24. Bh3 Qc6 25. Rd7 Ng6 26. Nd6 b5 27. Qg4 Be8 28. Qe6+ Kh7 29. Nxe8 Qxe6 30. Rxg7+ Kh8 31. Bxe6 1-0

[Event "FAI-ch Master 2022"]
[Site "Eidi"]
[Date "2022.04.11"]
[Round "3.4"]
[White "Olsen, Wille"]
[Black "Nielsen, Torkil"]
[Result "1/2-1/2"]
[ECO "A97"]
[WhiteElo "2006"]
[BlackElo "2135"]
[Annotator "RC"]
[PlyCount "43"]
[EventDate "2022.04.10"]
[EventType "tourn"]
[EventCountry "FAI"]
[SourceTitle "playchess.com"]
[Source "ChessBase"]
[SourceQuality "1"]
[TimeControl "40/5400+30:1800+30"]

1. Nf3 e6 2. d4 f5 3. g3 Nf6 4. Bg2 Be7 5. O-O O-O 6. c4 d6 7. Nc3 Qe8 8. Re1 Qg6 9. e4 Nxe4 10. Nxe4 fxe4 11. Rxe4 e5 12. Nh4 Bxh4 13. Rxh4 c6 14. dxe5 dxe5 15. Be4 Bf5 16. Bxf5 Qxf5 17. Be3 Nd7 18. Rh5 Qe6 19. Qd3 Nf6 20. Rh4 Rad8 21. Qe2 Rd7 22. Bg5 1/2-1/2

[Event "FAI-ch Master 2022"]
[Site "Eidi"]
[Date "2022.04.12"]
[Round "4.1"]
[White "Nolsoe, Rani"]
[Black "Nielsen, Torkil"]
[Result "1-0"]
[ECO "C56"]
[WhiteElo "2072"]
[BlackElo "2135"]
[Annotator "TA"]
[PlyCount "65"]
[EventDate "2022.04.10"]
[EventType "tourn"]
[EventCountry "FAI"]
[SourceTitle "playchess.com"]
[Source "ChessBase"]
[SourceQuality "1"]
[TimeControl "40/5400+30:1800+30"]

1. e4 e5 2. Nf3 Nc6 3. Bc4 Nf6 4. d4 exd4 5. e5 d5 6. Bb5 Ne4 7. Nxd4 Bd7 8. Bxc6 bxc6 9. O-O Bc5 10. f3 Ng5 11. f4 Ne4 12. Be3 Qe7 {[%emt 0:14:40] C56: Two Knights: 4 d4 exd4 5 0-0 Nxe4.} (12... Bb6 $11) 13. Nd2 $14 f5 14. Nxe4 fxe4 {[%emt 0:08:24] White is slightly better.} 15. Qd2 (15. b4 $5 Bb6 16. c4 dxc4 17. Qe2 $14) 15... O-O 16. Nb3 Bb6 17. Qc3 Bxe3+ 18. Qxe3 {[%emt 0:03:11] [#]} Qh4 $146 (18... Rf7 $14) ({Predecessor:} 18... g5 19. fxg5 Qxe5 20. c3 Bg4 21. Nc5 Rae8 22. h3 Bc8 23. Rae1 Kg7 24. Nb3 Ba6 25. Rxf8 Rxf8 26. Qxa7 {0-1 (32) Phillips,R (2170)-Kett,T (2223) Wales 2018}) 19. Nc5 Bg4 20. c3 Rae8 21. Rae1 Bc8 22. Rf2 Rf5 ({Better is} 22... g5 $14) 23. Ref1 Ref8 24. h3 {[%emt 0:03:01] And now g4 would win. &Bianco is more active.} Rh5 (24... Qe7 $16) 25. e6 $18 g6 26. Kh2 Qe7 $2 (26... Re8 {is a better defense.} 27. f5 gxf5) 27. g4 Rh4 (27... d4 $142 28. cxd4 Rxc5) 28. f5 gxf5 29. gxf5 {[%emt 0:00:15] [#] White threatens Rg2+ and mate.} Rf6 30. Qg3+ Kh8 31. Qxh4 {[%emt 0:00:39] White mates.} e3 32. Rg2 e2 33. Rfg1 {[%emt 0:02:28] Weighted Error Value: White=0.12 (very precise) /Black=0.79} 1-0

[Event "FAI-ch Master 2022"]
[Site "Eidi"]
[Date "2022.04.12"]
[Round "4.2"]
[White "Samuelsen, Carl Eli Nolsoe"]
[Black "Olsen, Wille"]
[Result "1-0"]
[ECO "C02"]
[WhiteElo "2158"]
[BlackElo "2006"]
[Annotator "TA"]
[PlyCount "47"]
[EventDate "2022.04.10"]
[EventType "tourn"]
[EventCountry "FAI"]
[SourceTitle "playchess.com"]
[Source "ChessBase"]
[SourceQuality "1"]
[TimeControl "40/5400+30:1800+30"]

1. e4 e6 2. d4 d5 3. e5 c5 4. c3 Nc6 5. Nf3 Bd7 6. Bd3 Rc8 7. O-O {[%emt 0:04:06] C02: French: Advance Variation.} cxd4 8. Re1 Nge7 {[%emt 0:24:09] [#]} 9. Nbd2 $146 {[%emt 0:12:57] The position is equal.} ({Predecessor:} 9. h4 h6 10. a3 dxc3 11. Nxc3 a6 12. Be3 Na5 13. Qe2 Nc4 14. Bc1 b5 15. a4 {1-0 (72) Hector,J (2532)-Brynell,S (2461) Vaxjo 2008}) 9... Ng6 10. Nb3 Be7 ({Black should try} 10... dxc3 $15 11. bxc3 Be7) 11. Nbxd4 $14 Nxd4 12. Nxd4 O-O {[%emt 0:11:36] [#]} 13. Qh5 $1 {[%emt 0:09:42] &Bianco is more active.} Qb6 14. Re3 {[%emt 0:08:12][%cal Be1e3,Be3h3,Bh3g3][%mdl 32] Black must now prevent Rh3.} f5 (14... h6 $2 15. Rg3 (15. Bxg6 fxg6 16. Qxg6 Be8 $18) 15... Bh4 16. Rf3 $18) 15. exf6 Rxf6 16. Rh3 $40 {[%emt 0:09:47][%mdl 128] White has strong attack.} Be8 $2 {[%emt 0:03:03][%mdl 8192] This costs Black the game.} (16... e5 $16 17. Qxh7+ Kf7) 17. Qxh7+ $18 Kf7 18. Nf3 Rf5 {[%emt 0:01:41] Against Ng5+} 19. Rg3 Kf6 20. Bxf5 exf5 21. Bg5+ {[%emt 0:00:29] White is clearly winning.} Kf7 22. Bxe7 {[%emt 0:01:37][%cal Oa1e1] [#] Threatening mate with Re1!} Kxe7 23. Qxg7+ (23. Re1+ $142 Kd6 24. Qxg7) 23... Kd8 24. Re1 {[%emt 0:01:49] Weighted Error Value: White=0.24 (precise) /Black=0.85} 1-0

[Event "FAI-ch Master 2022"]
[Site "Eidi"]
[Date "2022.04.12"]
[Round "4.3"]
[White "Egilstoft, Rogvi"]
[Black "Apol, Luitjen Akselsson"]
[Result "1-0"]
[ECO "B20"]
[WhiteElo "2378"]
[BlackElo "2154"]
[Annotator "TA"]
[PlyCount "89"]
[EventDate "2022.04.10"]
[EventType "tourn"]
[EventCountry "FAI"]
[SourceTitle "playchess.com"]
[Source "ChessBase"]
[SourceQuality "1"]
[TimeControl "40/5400+30:1800+30"]

1. e4 c5 2. Ne2 Nf6 3. d3 Nc6 4. g3 g6 5. Bg2 Bg7 6. c3 {[%emt 0:01:11] B20: Sicilian: Unusual White 2nd moves.} e5 7. O-O O-O {[%emt 0:00:52] [#]} 8. a3 $146 {[%emt 0:05:51] The position is equal.} ({Predecessor:} 8. c4 d6 9. Nbc3 a6 10. f4 exf4 11. gxf4 Rb8 12. Rb1 Bg4 13. h3 Bxe2 14. Nxe2 {1-0 (36) Kryakvin,D (2594)-Badelka,O (2427) Cheliabinsk 2020}) 8... a5 ({Better is} 8... d5 $15) 9. a4 (9. c4 $142) 9... h6 (9... d5 $142) 10. Na3 d6 (10... d5 $11) 11. h3 Nh7 (11... d5 $11) 12. Be3 $16 Ng5 13. Kh2 Ne6 14. Nc2 (14. f4 $16) 14... Qe7 15. d4 ({White should try} 15. Qd2 $14) 15... exd4 $11 16. cxd4 {[%emt 0:00:04] Hoping for d5.} cxd4 17. Ncxd4 Ncxd4 18. Nxd4 Nc5 19. Nb5 Nxe4 {[%emt 0:03:11] White stays focused until the end.} (19... Bd7 $11 {keeps the balance.}) 20. Rc1 Bf5 (20... Bxb2 $2 21. Rc7 Qe5 22. Bf4 $18) 21. Rc7 Qd8 22. Rxb7 {[%emt 0:10:06] Strongly threatening g4. &Bianco is more active.} Rb8 (22... Nc5 $16) 23. Rxb8 Qxb8 24. Bf4 {[%emt 0:00:04] aiming for g4.} Re8 {[%emt 0:03:38] [#]} 25. f3 $1 Ng5 (25... Nc5) 26. Nxd6 $18 Be5 $2 (26... Rd8 27. Nxf5 Rxd1 28. Bxb8 Rxf1) 27. Bxe5 Rxe5 28. f4 $1 Re3 29. Nxf5 gxf5 30. fxg5 Qxg3+ 31. Kh1 hxg5 32. Qd8+ Kg7 33. Qxa5 Re2 34. Qc3+ Qxc3 35. bxc3 {[%emt 0:00:01][%mdl 4096] Endgame Threatens to win with Ra1. KRB-KR} Kf6 36. c4 {[%emt 0:01:27] And now Ra1 would win.} Ke5 37. c5 {[%emt 0:00:38] Intending Rc1 and mate.} Ra2 38. Re1+ (38. Rc1 $142 Rxa4 39. c6 Ra7 40. c7 Rxc7 41. Rxc7 f6 42. Rc5+ Ke6 43. Bf1) 38... Kf4 39. c6 (39. Rc1 $142 Rxa4 40. c6 Ra8 41. c7 Rh8 42. c8=Q Rxc8 43. Rxc8 Kg3 44. Rc5) 39... Rc2 40. a5 {[%emt 0:00:00][%cal Ba4a5,Ba5a6,Ba6a7][%mdl 32] White mates.} g4 41. hxg4 fxg4 42. a6 Kg3 {[%emt 0:01:05] [#]} 43. a7 $1 Ra2 {[%emt 0:00:31] [#]} (43... Rxg2 44. Re3+) 44. c7 $1 Rxg2 45. Rg1 {[%emt 0:00:15] Weighted Error Value: White=0.37/Black=0.89} ({Inferior is} 45. c8=Q Rh2+ 46. Kg1 Rg2+ 47. Kh1 Rh2+ 48. Kg1 Rg2+ 49. Kh1 $11) 1-0